 Dungeon Crawl Stone Soup version 0.30-a0-122-g2a1322497e (webtiles) character file.

Game seed: 15528429116705186955

669 ragingrage the Poker (level 7, 0/52 HPs)
             Began as a Demonspawn Fighter on Sept 15, 2022.
             Was a Believer of Fedhas.
             Succumbed to a water moccasin's poison
             ... on level 5 of the Dungeon.
             The game lasted 00:05:22 (5706 turns).

ragingrage the Poker (Demonspawn Fighter)           Turns: 5706, Time: 00:05:23

Health: 0/52       AC:  6    Str: 19    XL:     7   Next: 32%
Magic:  10/10      EV: 13    Int:  9    God:    Fedhas [**....]
Gold:   277        SH:  4    Dex: 12    Spells: 6/6 levels left

rFire   . . .      SeeInvis .    a - +0 trident
rCold   . . .      Faith    .    c - +0 buckler
rNeg    . . .      Spirit   .    b - +0 scale mail
rPois   .          Reflect  .    (no helmet)
rElec   .          Harm     .    (no cloak)
rCorr   .          Rampage  .    (no gloves)
Will    .....                    (no boots)
Stlth   ..........               n - amulet of the acrobat
HPRegen 0.17/turn                o - +4 ring of evasion
MPRegen 0.24/turn                (no ring)

@: lethally poisoned (0 -> -18)
A: magic regeneration, sturdy frame 1, weakness stinger 2
a: Renounce Religion, Wall of Briars


You were on level 5 of the Dungeon.
You worshipped Fedhas.
Fedhas was pleased with you.
You visited 1 branch of the dungeon, and saw 5 of its levels.
You also visited: Sewer.

You collected 277 gold pieces.

Inventory:

Hand Weapons
 a - a +0 trident (weapon)
 k - a +1 whip of electrocution
Missiles
 t - 5 boomerangs (quivered)
Armour
 b - a +0 scale mail (worn)
 c - a +0 buckler (worn)
Jewellery
 h - a +4 ring of protection
 n - an amulet of the acrobat (around neck)
 o - a +4 ring of evasion (left hand)
Wands
 p - a wand of digging (4)
Scrolls
 f - a scroll of vulnerability
 i - 3 scrolls of teleportation
 l - a scroll of noise
 m - a scroll of magic mapping
 q - a scroll of enchant weapon {unknown}
 r - 3 scrolls of identify
 s - a scroll of immolation {unknown}
Potions
 d - a potion of haste
 e - a potion of berserk rage
 g - 2 potions of curing
 j - 2 potions of attraction


   Skills:
 - Level 3.0 Fighting
 + Level 6.6 Polearms
 - Level 2.6 Armour
 - Level 2.6 Shields
 - Level 5.0 Invocations


You had 6 spell levels left.
You didn't know any spells.
Your spell library contained the following spells:

 Spells                   Type           Power      Damage    Failure   Level
 Foxfire                  Conj/Fire      0%         2x1d4     73%         1
 Frozen Ramparts          Ice            0%         1d1       97%         3
 Inner Flame              Hex/Fire       0%         N/A       97%         3
 Kindle Blastsparks       Fire/Tloc/Air  0%         2d10      97%         3
 Flame Wave               Conj/Fire      0%         2d4       100%        4
 Ice Form                 Ice/Tmut       0%         N/A       100%        4
 Summon Ice Beast         Ice/Summ       0%         N/A       100%        4
 Summon Forest            Summ/Tloc      0%         N/A       100%        5
 Eringya's Noxious Bog    Tmut/Pois      0%         N/A       100%        6
 Summon Hydra             Summ           0%         N/A       100%        7


Dungeon Overview and Level Annotations

Branches:
Dungeon (5/15)              Sewer (visited)
 Temple: D:4-7

Altars:
Fedhas
Hepliaklqana
Makhleb
Uskayaw

Annotations:
D:4 Dowan


Innate Abilities, Weirdness & Mutations

You regenerate magic rapidly.
Your movements are slightly less encumbered by armour. (ER -2)
You have a tail ending in a sharp stinger.


Message History

* * * LOW HITPOINT WARNING * * *
You barely miss the water moccasin.
The water moccasin is severely wounded.
The water moccasin closely misses you.
You barely miss the water moccasin.
The water moccasin is severely wounded.
The water moccasin bites you but does no damage.
You block the water moccasin's attack.
You barely miss the water moccasin.
The water moccasin is severely wounded.
The water moccasin completely misses you.
You feel better. You block the water moccasin's attack.
You closely miss the water moccasin.
The water moccasin is severely wounded.
The water moccasin closely misses you. The water moccasin bites you.
* * * LOW HITPOINT WARNING * * *
You are lethally poisoned!
The water moccasin poisons you!
You closely miss the water moccasin.
The water moccasin is severely wounded.
* * * LOW HITPOINT WARNING * * *
You feel very sick. The water moccasin bites you.
* * * LOW HITPOINT WARNING * * *
You puncture the water moccasin!
The water moccasin is almost dead.
* * * LOW HITPOINT WARNING * * *
You feel sick. The water moccasin bites you.
* * * LOW HITPOINT WARNING * * *
You feel better.
The water moccasin bites you but does no damage.
The water moccasin bites you.
* * * LOW HITPOINT WARNING * * *
You are lethally poisoned!
The water moccasin poisons you!
You barely miss the water moccasin. You tail-slap the water moccasin.
You kill the water moccasin!
Fedhas appreciates your contribution to the ecosystem.
You die...
Fedhas appreciates your contribution to the ecosystem.

#.##..###.......#
#o.o).###.##.......#
..o##....
#..#.......#
#####.##........#
.###.......# #
#..####.# ##.o##..#
###### ##)#..#
#....# ###@#.#
#.##.### #.....#
###.##...#
#.#...###...##.###
#..>....#.####.#
###.#.#.#...#..#
...#.#.###.#..#
#....#.#.....#..#
+....#.#######.##
#....... #.#


You could see an orc.

Vanquished Creatures
  A water moccasin (D:5)
  Duvessa (D:4)
  A phantom (D:4)
  2 scorpions (D:4)
  2 hounds (D:4)
  2 iguanas
  4 gnolls (D:4)
  7 adders
  7 river rats (Sewer)
  2 worms
  4 dart slugs
  8 orcs
  10 ball pythons
  4 bats
  9 endoplasms
  4 giant cockroaches
  4 goblins
  4 hobgoblins
  2 jackals (D:3)
  5 kobolds
  2 quokkas
  A frilled lizard (D:3)
  18 rats
104 creatures vanquished.

Notes
Turn   | Place    | Note
-------+----------+-------------------------------------------
     0 | D:1      | ragingrage the Demonspawn Fighter began the quest for the
                  | Orb.
     0 | D:1      | Reached XP level 1. HP: 18/18 MP: 1/1
    46 | D:1      | Reached skill level 2 in Polearms
   292 | D:1      | Gained mutation: You have a small tail. [demonic ancestry]
   292 | D:1      | Reached XP level 2. HP: 24/24 MP: 2/2
   418 | D:1      | Found a faded altar of an unknown god.
   745 | D:1      | Reached skill level 3 in Polearms
  1038 | D:2      | Gained mutation: You have a tail ending in a sharp stinger.
                  | [demonic ancestry]
  1038 | D:2      | Reached XP level 3. HP: 29/29 MP: 3/3
  1476 | D:2      | Found a blossoming altar of Fedhas.
  1612 | D:2      | Became a worshipper of Fedhas Madash
  1886 | D:3      | Reached XP level 4. HP: 31/35 MP: 4/4
  1947 | D:3      | Found a blossoming altar of Fedhas.
  1948 | D:3      | Found a hazy altar of Hepliaklqana.
  2078 | D:3      | Noticed an angel
  2079 | D:3      | Found a burning altar of Makhleb.
  2079 | D:3      | Noticed a cacodemon
  2084 | D:3      | Reached skill level 4 in Polearms
  2321 | D:3      | Reached skill level 1 in Invocations
  2636 | D:4      | Noticed Duvessa
  2658 | D:4      | Noticed Dowan
  2674 | D:4      | Killed Duvessa
  2675 | D:4      | Reached XP level 5. HP: 41/41 MP: 4/7
  3064 | D:4      | Found a glowing drain.
  3088 | Sewer    | Entered a sewer
  3394 | Sewer    | Reached * piety under Fedhas
  3425 | Sewer    | Gained mutation: Your movements are slightly less
                  | encumbered by armour. (ER -2) [demonic ancestry]
  3425 | Sewer    | Reached XP level 6. HP: 16/47 MP: 7/9
  3442 | Sewer    | Reached skill level 5 in Polearms
  4280 | D:4      | Reached skill level 5 in Invocations
  4735 | D:4      | Reached ** piety under Fedhas
  4736 | D:4      | Gained mutation: You regenerate magic rapidly. [demonic
                  | ancestry]
  4736 | D:4      | Reached XP level 7. HP: 52/52 MP: 10/10
  4925 | D:4      | Reached skill level 6 in Polearms
  5546 | D:5      | Entered Level 5 of the Dungeon
  5648 | D:5      | Found a hide-covered altar of Uskayaw.
  5706 | D:5      | Succumbed to a water moccasin's poison

Illustrated notes

Levels and vault maps discovered:
D:1:      dpeg_arrival_pits, layout_basic, ebering_ecumenical_altar_webs
D:2:      layout_basic, basic_altar, nicolae_eternal_life
D:3:      layout_basic, grunt_temple_overflow_order_and_chaos_2,
          chequers_temple_overflow_statue_of_worship
D:4:      layout_basic, tso_altar, cheibrodos_sewer_entry_bend, minivault_25,
          uniq_duvessa
D:5:      layout_basic, overflow_temple_1_default,
          nicolae_overflow_crystal_walls, minmay_temple_entry_glass

Skill      XL: |  1  2  3  4  5  6  7 |
---------------+----------------------+-----
Polearms       | 2 3 4 5 6 |  6.6
Invocations    | 3 4 5 |  5.0
Fighting       | |  3.0
Armour         | |  2.6
Shields        | |  2.6

Action                   |  1- 3 |  4- 6 |  7- 9 || total
-------------------------+-------+-------+-------++-------
Melee: Trident           |   102 |   194 |    69 ||   365
       Tailslap          |     7 |    15 |     7 ||    29
  Use: Scroll            |       |    10 |     1 ||    11
       Potion            |       |     4 |     3 ||     7
Armor: Scale mail        |    23 |    60 |    12 ||    95
       Skin              |       |    22 |       ||    22
Dodge: Dodged            |    27 |    72 |    33 ||   132
Block: Buckler           |    10 |    44 |     6 ||    60

Table legend: (Time is in decaauts)
 A = Elapsed time spent in this place.
 B = Non-inter-level travel time spent in this place.
 C = Inter-level travel time spent in this place.
 D = Time resting spent in this place.
 E = Time spent auto-exploring this place.
 F = Levels seen in this place.
 G = Mean time per level.
                   A        B        C        D        E       F      G
               +--------+--------+--------+--------+--------+-----+--------+
         Total |   5812 |   5603 |    209 |   1719 |   2861 |   6 |  968.7 |
       Dungeon |   4631 |   4422 |    209 |   1040 |   2645 |   5 |  926.2 |
         Sewer |   1180 |   1180 |      0 |    679 |    216 |   1 | 1180.0 |
               +--------+--------+--------+--------+--------+-----+--------+

Top non-repeatable levels by time:
     D:4: 1392 daAuts
     D:3: 1347 daAuts
   Sewer: 1180 daAuts
     D:1: 975 daAuts
     D:2: 755 daAuts
     D:5: 160 daAuts
